 Dungeon Sprint DCSS version 0.18-a0-1350-g404b4cb (webtiles) character file.

1199 Kidiri the Covert (level 8, -9/42 HPs)
             Began as a Spriggan Enchanter on Feb 18, 2016.
             Mangled by an orange demon (14 damage)
             ... summoned by a kobold demonologist
             ... in the Dungeon (Sprint II: "The Violet Keep of Menkaure").
             The game lasted 00:03:30 (708 turns).

Kidiri the Covert (Spriggan Enchanter)               Turns: 708, Time: 00:03:30

Health: -9/42      AC:  3    Str:  4    XL:     8   Next: 20%
Magic:  17/22      EV: 27    Int: 17    God:
Gold:   972        SH:  0    Dex: 18    Spells: 5 memorised, 13 levels left

rFire  . . .     SeeInvis +     a - +1 dagger
rCold  . . .     Gourm    .     b - +1 robe
rNeg   . . .     Faith    .     (shield restricted)
rPois  .         Spirit   .     (helmet restricted)
rElec  .         Dismiss  .     (no cloak)
rCorr  .         Reflect  .     (gloves unavailable)
SustAt .         Harm     .     (boots unavailable)
MR     +....     NoTele   +     (no amulet)
Stlth  ++++++....               (no ring)
                                (no ring)

@: very quick, somewhat resistant to hostile enchantments, very stealthy
A: unfitting armour, see invisible, herbivore 3, speed 3, slow metabolism 2
a: no special abilities


You were in the Dungeon.
You were not hungry.

You visited 1 branch You collected 972 gold pieces.

Inventory:

Hand Weapons
 a - a +1 dagger (weapon)
Armour
 b - a +1 robe (worn)
Scrolls
 e - a scroll of fear {unknown}
 j - a scroll of blinking
Potions
 g - a potion of haste
 h - a potion of magic
 i - a potion of berserk rage
Books
 c - a book of Maledictions

   Spells                             Type                      Level
   a - Corona                         Hexes                        1
   b - Ensorcelled Hibernation        Hexes/Ice                    2
   c - Confuse                        Hexes                        3
   d - Tukima's Dance                 Hexes                        3
   e - Dazzling Spray                 Conjuration/Hexes            3
Comestibles
 d - a bread ration


   Skills:
 + Level 4.1 Fighting
 * Level 7.9 Short Blades
 + Level 3.6 Armour
 * Level 10.8 Dodging
 * Level 11.8 Stealth
 * Level 9.2 Spellcasting
 + Level 3.2 Conjurations
 + Level 6.9 Hexes
 + Level 3.6 Ice Magic


You had 13 spell levels left.
You knew the following spells:

 Your Spells              Type           Power        Failure   Level  Hunger
a - Corona                Hex            ####...      1%          1    None
b - Ensorcelled Hibernat  Hex/Ice        ####..       1%          2    None
c - Confuse               Hex            ####....     1%          3    None
d - Tukima's Dance        Hex            ####....     1%          3    None
e - Dazzling Spray        Conj/Hex       ####....     4%          3    None


Dungeon Overview and Level Annotations

Branches:
Dungeon (1/1)

Altars:

Shops:
D !:}[==!=!!:(?[:%

Annotations:
D exclusion: oklob plant, Kirke


Innate Abilities, Weirdness & Mutations

You are tiny and cannot use many weapons and most armour.
You have supernaturally acute eyesight.
You are an herbivore.
You cover ground extremely quickly.
You need consume almost no food.


Message History

Unknown command.
Casting: Confuse
Confirm with . or Enter, or press ? or * to list all spells.
Aiming: Ensorcelled Hibernation
Press: ? - help, Shift-Dir - straight line, f - yaktaur captain
Aim: a yaktaur captain, wielding an arbalest (chance to defeat MR: 21%)
The yaktaur captain resists with almost no effort.
Casting: Ensorcelled Hibernation
Confirm with . or Enter, or press ? or * to list all spells.
Aiming: Confuse
Press: ? - help, Shift-Dir - straight line, f/p - yaktaur captain
Aim: a yaktaur captain, wielding an arbalest (chance to defeat MR: 26%)
The yaktaur captain easily resists.
The yaktaur captain shoots a bolt.
The bolt completely misses you.
Unknown command.
Drink which item? (? for menu, Esc to quit)
Okay, then.
Really walk into a travel-excluded area?
The orange demon stings you from afar!
You die...
H

# §§§§§ c@.≈## ≈≈≈§
############≈≈#+++#+++##
###########≈≈≈.........#
##.∩.∩....#≈≈≈≈.##+##..#
##..∩.∩...#≈≈≈≈##...##
##...∩.∩..#≈≈≈≈#..#..#
##....∩.⌠.#@≈####.#.####
##...∩.@..#≈##.###'###.#
##..∩.∩..4#≈#.%.##.##.#.
##.∩.∩...ccK'###'.<.+###
##∩.∩.....#≈#...##.##.#%
#▓▓▓▓▓▓▓###≈##.###'###.#
##llh######≈≈####.#.####
#($h#hh ##%≈≈#..#..#
#∩P[+h$#+ #+#≈###.###
#$$.#$##≈##.#≈≈##'##≈≈≈


You could see Kirke, a yaktaur captain, an oklob plant, a centaur warrior, an
orange demon, 2 polar bears, a kobold demonologist and 2 wyverns.

Vanquished Creatures
  2 boulder beetles (D)
  2 hippogriffs (D)
  A vampire mosquito (D)
  4 necrophages (D)
  A crocodile (D)
  4 worker ants (D)
14 creatures vanquished.

Vanquished Creatures (others)
  Menkaure (D)
  A crocodile (D)
2 creatures vanquished.

Grand Total: 16 creatures vanquished

Notes
Turn   | Place    | Note
--------------------------------------------------------------
     0 | D        | Kidiri the Spriggan Enchanter began the quest for the Orb.
     0 | D        | Reached XP level 1. HP: 9/9 MP: 5/5
     1 | D        | Noticed a necrophage
     1 | D        | Noticed a necrophage
     1 | D        | Noticed a necrophage
     1 | D        | Noticed a necrophage
     4 | D        | Noticed a boulder beetle
     4 | D        | Noticed a boulder beetle
     7 | D        | Noticed a worker ant
     7 | D        | Noticed a worker ant
     7 | D        | Noticed a worker ant
     7 | D        | Noticed a worker ant
    10 | D        | Noticed a hippogriff
    10 | D        | Noticed a hippogriff
    16 | D        | Killed a worker ant
    16 | D        | Reached skill level 1 in Fighting
    16 | D        | Reached skill level 1 in Armour
    16 | D        | Reached skill level 5 in Stealth
    16 | D        | Reached XP level 2. HP: 12/14 MP: 6/8
    17 | D        | Reached skill level 5 in Dodging
    17 | D        | Reached skill level 6 in Stealth
    17 | D        | Reached XP level 3. HP: 15/18 MP: 7/10
    21 | D        | Learned a level 2 spell: Ensorcelled Hibernation
    25 | D        | Learned a level 3 spell: Confuse
    29 | D        | Learned a level 3 spell: Tukima's Dance
    31 | D        | Killed a crocodile
    39 | D        | Killed Menkaure
    63 | D        | Reached XP level 4. HP: 22/22 MP: 11/11
    69 | D        | Learned a level 3 spell: Dazzling Spray
    71 | D        | Reached skill level 7 in Stealth
    71 | D        | Reached skill level 5 in Spellcasting
   104 | D        | Killed a hippogriff
   104 | D        | Reached skill level 8 in Stealth
   104 | D        | Reached skill level 1 in Conjurations
   104 | D        | Reached skill level 5 in Hexes
   104 | D        | Reached skill level 1 in Ice Magic
   104 | D        | Reached XP level 5. HP: 14/27 MP: 2/14
   204 | D        | Killed a hippogriff
   204 | D        | Reached skill level 5 in Short Blades
   204 | D        | Reached skill level 9 in Stealth
   204 | D        | Reached XP level 6. HP: 20/32 MP: 8/16
   344 | D        | Reached skill level 10 in Stealth
   346 | D        | Reached XP level 7. HP: 32/36 MP: 6/19
   447 | D        | Killed a boulder beetle
   447 | D        | Reached skill level 10 in Dodging
   447 | D        | Reached skill level 11 in Stealth
   611 | D        | Killed a boulder beetle
   625 | D        | Noticed a flying skull
   625 | D        | Noticed a flying skull
   625 | D        | Noticed a flying skull
   625 | D        | Noticed a flying skull
   626 | D        | Noticed a flying skull
   626 | D        | Noticed a flying skull
   626 | D        | Noticed a flying skull
   627 | D        | Noticed a flying skull
   627 | D        | Noticed a flying skull
   627 | D        | Noticed a flying skull
   628 | D        | Noticed a flying skull
   630 | D        | Found Mutodgh's Food Emporium.
   631 | D        | Found Zitutyanyo's Antique Armour Emporium.
   631 | D        | Found Qine's Magic Scroll Shoppe.
   632 | D        | Noticed a vampire mosquito
   635 | D        | Killed a vampire mosquito
   635 | D        | Reached XP level 8. HP: 42/42 MP: 18/22
   636 | D        | Found Daybus's Book Emporium.
   636 | D        | Found Yxod's Distillery.
   644 | D        | Found Nuck's Book Shoppe.
   644 | D        | Found Zakkyru's Distillery.
   645 | D        | Found Tegiam's Distillery.
   645 | D        | Found Jiclall's Jewellery Shoppe.
   646 | D        | Found Leosoeto's Antique Weapon Emporium.
   646 | D        | Found Ceseo's Jewellery Shoppe.
   647 | D        | Found Devistreng's Jewellery Shoppe.
   649 | D        | Found Vemops's Antique Armour Shoppe.
   649 | D        | Found Izxaetan's Gadget Emporium.
   649 | D        | Noticed an oklob plant
   664 | D        | Noticed an orange crystal statue
   667 | D        | Noticed Kirke
   667 | D        | Noticed a yaktaur captain
   667 | D        | Noticed a kobold demonologist
   671 | D        | Noticed a sixfirhy
   684 | D        | Noticed an orange demon
   685 | D        | Found Dolex's Distillery.
   685 | D        | Found Romaip's Book Shoppe.
   687 | D        | Noticed a polar bear
   688 | D        | Noticed a polar bear
   697 | D        | Noticed a centaur warrior
   708 | D        | Mangled by an orange demon

Vault maps used:
D:        the_violet_keep_of_menkaure

Action                   |  1- 3 |  4- 6 |  7- 9 || total
-------------------------+-------+-------+-------++-------
Melee: Dagger            |     3 |    30 |    20 ||    53
 Cast: Ensorcelled Hiber |       |     3 |     2 ||     5
       Confuse           |       |     8 |     3 ||    11
       Dazzling Spray    |       |     5 |       ||     5
  Use: Potion            |       |     3 |       ||     3
 Stab: Sleeping          |     3 |     1 |     4 ||     8
       Confused          |       |     4 |     4 ||     8
       Invisible         |       |     1 |       ||     1
